 Dungeon Crawl Stone Soup version 0.20.1-1-g8b1a95d66d (webtiles) character file.

286 NullDivider the Sneak (level 6, 0/39 HPs)
             Began as an Octopode Artificer on Dec 7, 2017.
             Slain by an ogre
             ... wielding a +0 giant club
              (14 damage)
             ... on level 4 of the Dungeon.
             The game lasted 00:11:34 (3771 turns).

NullDivider the Sneak (Octopode Artificer)          Turns: 3771, Time: 00:11:35

Health: 0/39       AC:  1    Str: 12    XL:     6   Next: 30%
Magic:  18/18      EV: 15    Int: 13    God:
Gold:   278        SH:  0    Dex: 14    Spells: 5/5 levels left

rFire    . . .     SeeInvis .   p - +0 short sword (curse)
rCold    . . .     Gourm    .   (no shield)
rNeg     . . .     Faith    .   (helmet restricted)
rPois    .         Spirit   .   (no amulet)
rElec    .         Reflect  .   s - ring of stealth
rCorr    .         Harm     .   w - ring of magical power
MR       .....                  (no ring)
Stlth    +++++.....             (no ring)
Regen    0.2/turn               (no ring)
MPRegen  0.2/turn               (no ring)
                                (no ring)
                                (no ring)

@: no status effects
A: almost no armour, stealthy swim, amphibious, 8 rings, constrict 8, camouflage
1, gelatinous body 1
a: no special abilities


You were on level 4 of the Dungeon.
You were not hungry.

You visited 1 branch of the dungeon, and saw 4 of its levels.

You collected 278 gold pieces.

Inventory:

Hand Weapons
 p - a cursed +0 short sword (weapon)
Jewellery
 s - a ring of stealth (left tentacle)
 w - a ring of magical power (right tentacle)
 y - an uncursed ring of fire
Wands
 b - a wand of flame (15/48)
 c - a wand of enslavement (14/24)
 d - a wand of random effects (15/48)
Scrolls
 e - 3 scrolls of remove curse {unknown}
 j - a scroll of magic mapping {unknown}
 k - 4 scrolls of identify {unknown}
 l - 3 scrolls of blinking {unknown}
 m - 2 scrolls of noise {unknown}
 q - 3 scrolls of enchant weapon {unknown}
 x - a scroll of immolation {unknown}
Potions
 a - a potion of degeneration {unknown}
 i - a potion of curing {unknown}
 o - a potion of flight {unknown}
 r - 2 potions of brilliance {unknown}
 t - a potion of mutation {unknown}
 u - a potion of resistance {unknown}
 v - a potion of cancellation {unknown}
Comestibles
 f - 2 bread rations
 g - 5 chunks of flesh
 h - 2 meat rations
 n - 4 royal jellies


   Skills:
 + Level 2.2 Fighting
 + Level 2.0 Short Blades
 + Level 3.6 Dodging
 * Level 5.5 Stealth
 + Level 4.1 Evocations


You had 5 spell levels left.
You didn't know any spells.

Dungeon Overview and Level Annotations

Branches:
Dungeon (4/15)             Temple (0/1) D:4

Altars:


Innate Abilities, Weirdness & Mutations

You cannot wear most types of armour.
You are very stealthy in the water. (Stealth+)
You are amphibious.
You can wear up to eight rings at the same time.
You can use your tentacles to constrict eight enemies at once.
Your skin changes colour to match your surroundings (Stealth+).
Your rubbery body absorbs attacks. (AC +1, EV +1)


Message History

You see here 22 stones.
You hit the ogre.
The ogre is lightly wounded.
The ogre hits you with a giant club!!
Ouch! That really hurt!
Evoke which item? (* to show all) (? for menu, Esc to quit)
Aiming: Enslavement
Press: ? - help, Shift-Dir - straight line, f - ogre
Aim: an ogre, wielding a giant club (lightly wounded, chance to defeat MR: 58%)
The ogre is charmed.
This wand has 14 charges left.
The giant cockroach bites your ogre. x2
Your ogre hits the giant cockroach but does no damage.
The giant cockroach barely misses your ogre.
Your ogre hits the giant cockroach with a giant club!!
The giant cockroach dies!
Really attack your ogre?
You hit your ogre.
The ogre is no longer charmed.
The ogre is moderately wounded.
The ogre hits you with a giant club!
You die...

#...#.##########
###.### #.##
#.#.#########
###.###.#.......
..## ##..# #
###.###.### ##(
#...O#>##
###...#(###@##
......!.# ###
###.......#
....8.8.8.#
###..⌠.⌠.O#
#.8.>.8.#
#..⌠.⌠..#
..8.8.8a#
#........#


You could see an ogre.

Vanquished Creatures
  An orc priest (D:3)
  An orc wizard (D:3)
  3 worker ants
  A gnoll (D:1)
  4 adders
  2 oozes
  6 worms
  5 dart slugs
  3 leopard geckos
  4 orcs
  2 ball pythons (D:1)
  A giant cockroach (D:3)
  5 goblins
  6 hobgoblins
  3 jackals (D:1)
  2 quokkas
  5 bats
  4 frilled lizards
  5 kobolds
  10 rats
73 creatures vanquished.

Vanquished Creatures (collateral kills)
  A giant cockroach (D:4)
1 creature vanquished.

Grand Total: 74 creatures vanquished

Notes
Turn   | Place    | Note
-------+----------+-------------------------------------------
     0 | D:1      | NullDivider the Octopode Artificer began the quest for the Orb.
     0 | D:1      | Reached XP level 1. HP: 13/13 MP: 3/3
   111 | D:1      | Reached skill level 2 in Stealth
   111 | D:1      | Reached XP level 2. HP: 15/18 MP: 4/4
   545 | D:1      | Reached skill level 3 in Stealth
   673 | D:1      | Reached XP level 3. HP: 23/23 MP: 5/5
  1384 | D:2      | Reached XP level 4. HP: 28/28 MP: 6/6
  2647 | D:3      | Reached skill level 4 in Stealth
  2648 | D:3      | Reached XP level 5. HP: 17/34 MP: 7/7
  3486 | D:4      | Reached skill level 5 in Stealth
  3486 | D:4      | Reached XP level 6. HP: 31/39 MP: 9/9
  3755 | D:4      | Found a staircase to the Ecumenical Temple.
  3771 | D:4      | Slain by an ogre

Skill      XL: |  1  2  3  4  5 |
---------------+----------------+-----
Stealth        | 2 3 4 5 |  5.5
Dodging        | 3 |  3.6
Fighting       | 2 |  2.2
Short Blades   | 2 |  2.0
Evocations     | 4 |  4.1

Action                   |  1- 3 |  4- 6 || total
-------------------------+-------+-------++-------
Melee: Short sword       |    65 |   125 ||   190
       Constrict         |    17 |    26 ||    43
       Tentacles         |    15 |    30 ||    45
Evoke: Wand              |       |     1 ||     1
 Stab: Sleeping          |     4 |    14 ||    18
       Distracted        |       |     1 ||     1
  Eat: Chunk             |     1 |     8 ||     9
Armor: Skin              |     5 |     6 ||    11
Dodge: Dodged            |    48 |    66 ||   114
